 Dungeon Crawl Stone Soup version 0.21.0-25-ge575cb9 (webtiles) character file.

54319 Monsterracer the Warrior (level 14, -2/123 HPs)
             Began as a Minotaur Gladiator on Jan 25, 2018.
             Was a High Priest of Hepliaklqana.
             Slain by an eight-headed hydra (9 damage)
             ... on level 5 of the Lair of Beasts.
             The game lasted 01:21:06 (31486 turns).

Monsterracer the Warrior (Minotaur Gladiator)      Turns: 31486, Time: 01:21:07

Health: -2/123     AC: 16    Str: 19    XL:     14   Next: 34%
Magic:  0/20       EV: 27    Int:  5    God:    Hepliaklqana [*****.]
Gold:   422        SH:  0    Dex: 17    Spells: 13/13 levels left

rFire    . . .     SeeInvis +   a - +0 great sword (flame) {!a}
rCold    . . .     Gourm    .   (shield currently unavailable)
rNeg     . . .     Faith    .   k - +1 leather armour of Space {rElec}
rPois    .         Spirit   +   f - +1 hat
rElec    +         Reflect  .   m - +2 cloak
rCorr    .         Harm     .   b - +2 pair of gloves
MR       +....                  u - +2 pair of boots
Stlth    +++.......             l - amulet of guardian spirit
HPRegen  0.30/turn              E - ring of see invisible
MPRegen  0.17/turn              y - +4 ring of evasion

@: about to teleport, barbed spikes, slowed, very slow
A: retaliatory headbutt, reduced essence, horns 2
a: Recall Ancestor, Ancestor Identity, Transference, Idealise, Renounce Religion


You were on level 5 of the Lair of Beasts.
You worshipped Hepliaklqana.
Hepliaklqana was extremely pleased with you.
You were not hungry.

You visited 4 branches of the dungeon, and saw 19 of its levels.
You also visited: Labyrinth and Ice Cave.

You collected 789 gold pieces.
You spent 367 gold pieces at shops.

Inventory:

Hand Weapons
 a - a +0 great sword of flaming (weapon) {!a}
Missiles
 d - 3 throwing nets (quivered)
Armour
 b - a +2 pair of gloves (worn)
 f - a +1 hat (worn)
 k - the +1 leather armour of Space (worn) {rElec}
   (You found it on level 4 of the Lair of Beasts)

   It insulates you from electricity.
 m - a +2 cloak (worn)
 u - a +2 pair of boots (worn)
Jewellery
 h - the ring of Naffuis {Ice +Fly MR- Str+3 SInv}
   (You found it in a labyrinth)

   [ring of ice]

   It enhances your ice magic.
   It affects your strength (+3).
   It makes you vulnerable to fire.
   It protects you from cold.
   It affects your resistance to hostile enchantments.
   It lets you see invisible.
   It lets you fly.
 l - an amulet of guardian spirit (around neck)
 n - an uncursed ring of positive energy {!d}
 q - an uncursed ring of poison resistance {!d}
 y - a +4 ring of evasion (right hand)
 E - a ring of see invisible (left hand)
 F - an uncursed ring of protection from fire {!d}
 G - an uncursed ring of ice
Wands
 v - a wand of digging (14)
Scrolls
 i - 4 scrolls of remove curse
 p - a scroll of teleportation
 t - 4 scrolls of fog
 B - a scroll of enchant weapon
 H - 3 scrolls of identify
 I - a scroll of immolation {!r}
Potions
 e - 5 potions of might
 g - a potion of agility
 j - 2 potions of resistance
 o - a potion of haste
 r - 4 potions of magic
 s - 2 potions of lignification
 x - 2 potions of cancellation
 z - 3 potions of mutation {!q}
 A - 3 potions of curing
 C - a potion of heal wounds
Comestibles
 c - 23 rations
 w - 2 chunks of flesh


   Skills:
 * Level 16.3 Fighting
 - Level 10.0 Long Blades
 - Level 2.0 Throwing
 - Level 8.2 Armour
 * Level 15.2 Dodging
 + Level 6.1 Stealth
 + Level 9.7 Invocations


You had 13 spell levels left.
You didn't know any spells.

Dungeon Overview and Level Annotations

Branches:
Dungeon (11/15)            Temple (1/1) D:5            Lair (6/6) D:8
 Shoals (1/4) Lair:2        Snake (0/4) Lair:3
  Slime: Lair:5-6       Orc: D:9-12

Altars:
Ashenzari
Cheibriados
Dithmenos
Elyvilon
Fedhas
Gozag
Hepliaklqana
Kikubaaqudgha
Makhleb
Nemelex Xobeh
Okawaru
Qazlal
Ru
Sif Muna
Trog
Uskayaw
Vehumet
Wu Jian
Xom
Yredelemnul
Zin
The Shining One

Shops:
D:7 }%=[[   D:8 ?[(}   D:9 [!

Annotations:
D:10 EatLessMeat's ghost, journeyman MiBe
Lair:1 Gastronok
Lair:6 Kirke


Innate Abilities, Weirdness & Mutations

You reflexively headbutt those who attack you in melee.
You have a pair of horns on your head.
Your life essence is reduced to manifest your ancestor. (-10% HP)


Message History

The barbed spikes dig painfully into your body as you move.
Kirke whispers, "Not even holy moly will save you."
The eight-headed hydra bites you but does no damage.
The eight-headed hydra misses you.
The eight-headed hydra closely misses you.
The eight-headed hydra barely misses you.
The eight-headed hydra closely misses you.
The eight-headed hydra completely misses you. x3
You take 2 damage, and have 97/123 hp.
The barbed spikes dig painfully into your body as you move.
The eight-headed hydra closely misses you.
You riposte.
You hit the eight-headed hydra but do no damage.
The eight-headed hydra bites you but does no damage.
The eight-headed hydra completely misses you.
The eight-headed hydra bites you but does no damage.
The eight-headed hydra barely misses you.
The eight-headed hydra misses you. x2; The eight-headed hydra bites you.
You take 5 damage, and have 92/123 hp.
The barbed spikes dig painfully into your body as you move.
The manticore flicks its tail.
The volley of spikes misses you.
There is a stone staircase leading up, spattered with blood here.
You take 3 damage, and have 89/123 hp.
You now have 17/20 mp.
The eight-headed hydra completely misses you.
The eight-headed hydra bites you. The eight-headed hydra bites you!
The eight-headed hydra completely misses you. x2
The eight-headed hydra bites you! The eight-headed hydra misses you.
The eight-headed hydra bites you!
* * * LOW HITPOINT WARNING * * *
The manticore bites you!
* * * LOW HITPOINT WARNING * * *
The manticore closely misses you. x2
The eight-headed hydra completely misses you.
The eight-headed hydra bites you!
* * * LOW HITPOINT WARNING * * *
The eight-headed hydra misses you.
The eight-headed hydra bites you but does no damage.
The eight-headed hydra completely misses you.
The eight-headed hydra closely misses you.
The eight-headed hydra bites you.
* * * LOW HITPOINT WARNING * * *
The eight-headed hydra bites you!
* * * LOW HITPOINT WARNING * * *
You climb upwards.
There is a stone staircase leading down, spattered with blood here.
You take 74 damage, and have 15/123 hp.
MASSIVE DAMAGE!!
You now have 5/20 mp.
Unknown command.
Okay, then.
You feel much better.
The eight-headed hydra bites you but does no damage.
The eight-headed hydra closely misses you.
The eight-headed hydra completely misses you.
The eight-headed hydra closely misses you.
The eight-headed hydra bites you but does no damage.
The eight-headed hydra misses you.
The eight-headed hydra closely misses you.
The eight-headed hydra completely misses you.
You regained 31 hp, and now have 46/123 hp.
As you read the scroll of teleportation, it crumbles to dust.
You feel strangely unstable. The eight-headed hydra bites you!
* * * LOW HITPOINT WARNING * * *
The eight-headed hydra bites you but does no damage.
The eight-headed hydra misses you. x2
The eight-headed hydra bites you but does no damage.
The eight-headed hydra completely misses you.
The eight-headed hydra bites you but does no damage. x2
The eight-headed hydra bites you.
* * * LOW HITPOINT WARNING * * *
The eight-headed hydra misses you. The eight-headed hydra bites you.
* * * LOW HITPOINT WARNING * * *
The eight-headed hydra bites you but does no damage.
The eight-headed hydra barely misses you.
The eight-headed hydra closely misses you.
The eight-headed hydra bites you!
* * * LOW HITPOINT WARNING * * *
The eight-headed hydra closely misses you.
You take 23 damage, and have 23/123 hp.
You now have 3/20 mp.
Unknown command.
Unknown command.
Unknown command.
The eight-headed hydra bites you.
* * * LOW HITPOINT WARNING * * *
The eight-headed hydra misses you.
The eight-headed hydra bites you but does no damage.
The eight-headed hydra misses you.
The eight-headed hydra completely misses you. x2
The eight-headed hydra bites you!
* * * LOW HITPOINT WARNING * * *
The eight-headed hydra bites you but does no damage.
You take 10 damage, and have 13/123 hp.
You now have 2/20 mp.
Unknown command.
The eight-headed hydra completely misses you.
You furiously retaliate!
You headbutt the eight-headed hydra! The eight-headed hydra misses you.
The eight-headed hydra barely misses you.
The eight-headed hydra bites you!
* * * LOW HITPOINT WARNING * * *
The eight-headed hydra bites you!
You die...

.....P## ##........#
.....## #....#####
...### #....##
..#.## ####..#
.....## #####..####
......###.#.#....P##
......#P##.#.......#
.....P#.....+.....##
..........###...@..#
.....P..#P##....D.##
......#####.#.....#
.....## ##......#
......# #.P.+#.#
..#..## #..#.###
###.#.# ##.....#
#.....# #..P###
....PP# ###..#######


You could see an eight-headed hydra.

Vanquished Creatures
  Snorg (Lair:5)
  A hydra (Lair:1)
  A two-headed ogre (D:9)
  4 death yaks
  2 lindwurms
  4 elephants
  3 black mambas
  A guardian serpent (Lair:3)
  The ghost of Monsterracer the Ducker, a novice MiGl of Hepliaklqana (D:4)
  7 spiny frogs
  A komodo dragon (Lair:1)
  10 polar bears
  11 blink frogs
  3 dream sheep
  3 spriggans (D:9)
  4 hogs (Lair:6)
  A wyvern (D:8)
  21 yaks
  A basilisk (Lair:2)
  A soldier ant (D:10)
  2 water moccasins
  7 porcupines
  A black bear (Lair:2)
  A sky beast (D:6)
  8 wolves
  A centaur (D:10)
  3 crocodiles
  Blork the orc (D:5)
  5 bullfrogs
  3 scorpions
  2 troll skeletons (Lab)
  A crimson imp (D:5)
  2 quasits
  A centaur skeleton (D:3)
  2 hounds
  An orc wizard (D:4)
  2 orc priests
  3 jellies
  Jessica (D:2)
  3 worker ants
  An ogre skeleton (Lab)
  2 hound zombies
  2 worker ant zombies (D:5)
  9 adders
  3 white imps (Lair:1)
  3 worms
  5 dart slugs
  5 leopard geckos
  16 orcs
  A ball python (D:2)
  8 giant cockroaches
  9 goblins
  12 jackals
  6 quokkas
  10 bats
  8 frilled lizards
  4 kobolds
  A leopard gecko skeleton (D:5)
  5 rats
  A spectral orc (D:4)
242 creatures vanquished.

Vanquished Creatures (collateral kills)
  A minotaur (Lair:2)
  Fannar (Lair:1)
  Erica (D:7)
  5 hydras
  A catoblepas (Lair:6)
  7 death yaks
  A cyclops (D:9)
  6 elephants
  4 black mambas
  An ice statue (IceCv)
  5 spiny frogs
  A rime drake (Lair:2)
  2 komodo dragons
  Prince Ribbit (Lair:3)
  6 polar bears
  A troll (D:9)
  22 blink frogs
  5 hippogriffs
  A hornet (D:10)
  2 dream sheep
  Sigmund (D:3)
  3 spriggans (D:9)
  2 hogs (Lair:6)
  18 yaks
  A basilisk (D:8)
  A soldier ant (D:10)
  3 water moccasins
  4 porcupines
  3 orc warriors
  A swamp drake (D:8)
  2 sky beasts
  A black bear (Lair:2)
  An ogre (D:7)
  2 centaurs
  A necrophage (D:8)
  5 wolves
  10 crocodiles
  A big kobold (D:10)
  2 bullfrogs
  2 scorpions (D:8)
  3 crimson imps
  2 hounds
  4 orc priests
  A bullfrog skeleton (D:8)
  6 worker ants
  7 orc wizards
  An ogre skeleton (Lab)
  A howler monkey skeleton (D:8)
  2 adders
  9 white imps (Lair:1)
  A worm (D:4)
  2 leopard geckos
  11 orcs
  3 jackals (D:6)
191 creatures vanquished.

Vanquished Creatures (others)
  A wyvern (D:8)
  56 battlemagi
  4 ancestors
  2 orcs (D:8)
  A bush (Lair:6)
  A butterfly (Lair:3)
  30 fungi
  15 plants
110 creatures vanquished.

Grand Total: 543 creatures vanquished

Notes
Turn   | Place    | Note
-------+----------+-------------------------------------------
     0 | D:1      | Monsterracer the Minotaur Gladiator began the quest for the Orb.
     0 | D:1      | Reached XP level 1. HP: 18/18 MP: 0/0
   334 | D:1      | Reached skill level 3 in Fighting
   334 | D:1      | Reached XP level 2. HP: 26/26 MP: 1/1
  1908 | D:2      | HP: 13/26 [worm (6)]
  2066 | D:2      | Reached XP level 3. HP: 31/31 MP: 2/2
  2595 | D:3      | Found a snail-covered altar of Cheibriados.
  2628 | D:3      | Noticed Jessica
  2644 | D:3      | Noticed Sigmund
  2650 | D:3      | HP: 15/33 [Jessica/nerve-wracking pain (10)]
  3022 | D:2      | HP: 11/33 [Jessica/nerve-wracking pain (9)]
  3027 | D:2      | HP: 6/33 [Jessica/dagger (3)]
  3032 | D:2      | HP: 6/33 [Jessica/dagger (1)]
  3038 | D:2      | Killed Jessica
  3038 | D:2      | Reached skill level 4 in Fighting
  3038 | D:2      | Reached XP level 4. HP: 7/40 MP: 1/3
  3397 | D:3      | Found an ornate altar of the Wu Jian Council.
  3398 | D:3      | Found a sacrificial altar of Ru.
  3456 | D:3      | HP: 18/40 [Sigmund/scythe (3)]
  4018 | D:3      | Reached skill level 5 in Dodging
  4158 | D:3      | Found a sparkling altar of Nemelex Xobeh.
  4229 | D:4      | Reached XP level 5. HP: 43/47 MP: 4/4
  4306 | D:4      | Noticed Monsterracer's ghost (novice MiGl)
  4326 | D:5      | Entered Level 5 of the Dungeon
  4444 | D:5      | HP: 19/47 [worm (7)]
  4453 | D:5      | HP: 19/47 [worm (2)]
  4456 | D:5      | Reached skill level 5 in Fighting
  4815 | D:5      | Found a staircase to the Ecumenical Temple.
  4843 | Temple   | Entered the Ecumenical Temple
  4850 | Temple   | Became a worshipper of Hepliaklqana the Forgotten
  4933 | D:4      | HP: 21/43 [Monsterracer's ghost (7)]
  5174 | D:5      | Noticed Blork the orc
  5181 | D:5      | Killed Blork the orc
  5181 | D:5      | Reached XP level 6. HP: 51/51 MP: 5/5
  5243 | D:5      | Found a glowing golden altar of the Shining One.
  5505 | D:4      | Reached skill level 1 in Invocations
  5547 | D:4      | HP: 24/51 [Monsterracer's ghost (11)]
  5559 | D:4      | HP: 20/51 [Monsterracer's ghost (3)]
  5956 | D:5      | Reached skill level 6 in Fighting
  6126 | D:5      | Found a glowing silver altar of Zin.
  6297 | D:5      | Found a burning altar of Makhleb.
  6302 | D:5      | Found a hide-covered altar of Uskayaw.
  6501 | D:4      | Killed Monsterracer's ghost
  6501 | D:4      | Reached skill level 7 in Fighting
  6501 | D:4      | Reached skill level 1 in Armour
  6501 | D:4      | Reached XP level 7. HP: 45/59 MP: 5/7
  6601 | D:4      | Found a deep blue altar of Sif Muna.
  6933 | D:4      | Found a basalt altar of Yredelemnul.
  7069 | D:3      | Killed Sigmund
  7069 | D:3      | Reached XP level 8. HP: 62/66 MP: 7/9
  7109 | D:3      | Found a faded altar of an unknown god.
  7507 | D:6      | Reached * piety under Hepliaklqana
  7609 | D:6      | Noticed a two-headed ogre
  7624 | D:6      | HP: 27/66 [two-headed ogre/giant club (14)]
  7624 | D:6      | HP: 7/66 [two-headed ogre/giant club (20)]
  7979 | D:6      | Reached skill level 8 in Fighting
  8465 | D:7      | Found Xusapeqa's Armour Boutique.
  8476 | D:7      | Found Fajau's Food Shoppe.
  8691 | D:7      | Found Muevive Ilixt's Gadget Boutique.
  8791 | D:7      | Found Qickiaru's Jewellery Shop.
  8876 | D:7      | Found Daroj's Antique Armour Emporium.
  8884 | D:7      | Bought a pair of embroidered boots for 180 gold pieces
  8900 | D:7      | You fall through a shaft for 3 floors!
  8900 | D:10     | Entered Level 10 of the Dungeon
  8938 | D:10     | Noticed EatLessMeat's ghost (journeyman MiBe)
  8946 | D:10     | Reached ** piety under Hepliaklqana
  9095 | D:9      | Found Joaboc's Distillery.
  9127 | D:10     | HP: 25/67 [orc warrior/flail (16)]
  9133 | D:10     | HP: 25/67 [orc warrior/flail (2)]
  9175 | D:10     | HP: 29/67 [orc warrior/flail (5)]
  9181 | D:10     | HP: 18/67 [orc warrior/flail (12)]
  9198 | D:10     | Remembered your ancestor Chitauli as a battlemage
  9543 | D:8      | Reached skill level 9 in Fighting
  9543 | D:8      | Reached XP level 9. HP: 74/74 MP: 10/10
  9690 | D:8      | Found Abbuf's Weapon Shop.
  9712 | D:8      | Found Peon Vid's Antique Armour Shop.
  9830 | D:8      | Reached skill level 5 in Long Blades
  9900 | D:8      | HP: 37/75 [orc priest/divine providence (13)]
  9915 | D:8      | HP: 17/75 [orc priest/divine providence (10)]
 10194 | D:9      | Noticed a troll
 10261 | D:8      | Found Boig's Gadget Shoppe.
 10448 | D:8      | Found Miurydoc's Magic Scroll Boutique.
 10614 | D:8      | HP: 37/76 [acid (14)]
 10615 | D:8      | Noticed Erica
 10637 | D:8      | HP: 21/76 [bullfrog (4)]
 10908 | D:8      | HP: 37/76 [something (12)]
 10915 | D:7      | HP: 34/76 [something (1)]
 10928 | D:7      | HP: 26/76 [something/orb of energy (16)]
 10932 | D:7      | HP: 1/76 [something/orb of energy (16)]
 10936 | D:7      | Killed Erica
 10936 | D:7      | Reached skill level 10 in Fighting
 10936 | D:7      | Reached skill level 5 in Armour
 10938 | D:7      | HP: 10/76 [poisoned by Erica (bolt of poison)]
 10944 | D:7      | HP: 8/76 [poisoned by Erica (bolt of poison)]
 10950 | D:7      | HP: 7/76 [poisoned by Erica (bolt of poison)]
 10957 | D:7      | HP: 6/76 [poisoned by Erica (bolt of poison)]
 10965 | D:7      | HP: 6/76 [poisoned by Erica (bolt of poison)]
 11436 | D:8      | Found a staircase to the Lair.
 11463 | D:8      | Reached XP level 10. HP: 75/84 MP: 10/12
 11680 | D:9      | Reached skill level 10 in Dodging
 11680 | D:9      | Reached skill level 5 in Invocations
 11694 | D:9      | Noticed a cyclops
 11699 | D:9      | Killed a cyclops
 11823 | D:8      | Bought a glowing cloak for 187 gold pieces
 11891 | D:9      | HP: 39/84 [yak (6)]
 12204 | D:9      | Reached skill level 11 in Fighting
 12892 | D:9      | Noticed a two-headed ogre
 12933 | D:9      | HP: 41/86 [scorpion (4)]
 13317 | D:10     | Reached *** piety under Hepliaklqana
 13392 | D:10     | HP: 43/86 [poisoned by a hornet]
 13397 | D:10     | HP: 38/86 [poisoned by a hornet]
 13403 | D:10     | HP: 36/86 [poisoned by a hornet]
 13408 | D:10     | HP: 34/86 [poisoned by a hornet]
 13414 | D:10     | HP: 33/86 [poisoned by a hornet]
 13422 | D:10     | HP: 33/86 [poisoned by a hornet]
 13433 | D:10     | HP: 31/86 [hornet (4)]
 13438 | D:10     | HP: 28/86 [poisoned by a hornet]
 13445 | D:10     | HP: 27/86 [poisoned by a hornet]
 13452 | D:10     | HP: 27/86 [poisoned by a hornet]
 13460 | D:10     | HP: 26/86 [poisoned by a hornet]
 14395 | D:9      | Killed a two-headed ogre
 14395 | D:9      | Reached XP level 11. HP: 69/93 MP: 10/14
 14494 | Lair:1   | Entered Level 1 of the Lair of Beasts
 14663 | Lair:1   | Reached skill level 12 in Fighting
 14722 | Lair:1   | Found a frozen archway.
 14753 | IceCv    | Entered an ice cave
 14782 | IceCv    | HP: 37/93 [polar bear (14)]
 14803 | IceCv    | HP: 41/93 [wolf (1)]
 14820 | IceCv    | HP: 40/93 [polar bear (3)]
 14826 | IceCv    | HP: 31/93 [polar bear (9)]
 14873 | IceCv    | HP: 35/93 [polar bear (7)]
 15874 | IceCv    | HP: 44/94 [polar bear (10)]
 15895 | IceCv    | HP: 47/94 [polar bear (1)]
 15904 | IceCv    | HP: 44/94 [polar bear (5)]
 15909 | IceCv    | HP: 26/94 [polar bear (1)]
 15914 | IceCv    | HP: 15/94 [polar bear (5)]
 16306 | IceCv    | HP: 46/94 [polar bear (4)]
 16785 | IceCv    | Noticed a frost giant
 16816 | IceCv    | HP: 43/95 [wolf (8)]
 16837 | IceCv    | HP: 45/95 [wolf (3)]
 16850 | IceCv    | HP: 29/95 [frost giant/bolt of cold (20)]
 16851 | IceCv    | HP: 8/95 [frost giant/bolt of cold (21)]
 17282 | Lair:1   | Noticed Fannar
 17294 | Lair:1   | HP: 44/95 [Fannar/staff of cold (6)]
 17304 | Lair:1   | HP: 36/95 [Fannar/Ozocubu's Refrigeration (10)]
 17317 | Lair:1   | HP: 17/95 [Fannar/Ozocubu's Refrigeration (8)]
 17326 | Lair:1   | HP: 14/95 [Fannar/bolt of cold (6)]
 17371 | Lair:1   | HP: 24/95 [ice beast[Fannar] (1)]
 17376 | Lair:1   | HP: 9/95 [Fannar/Ozocubu's Refrigeration (5)]
 17742 | Lair:1   | Killed Fannar
 17742 | Lair:1   | Reached skill level 13 in Fighting
 17742 | Lair:1   | Reached skill level 1 in Stealth
 18116 | Lair:1   | HP: 47/96 [komodo dragon (9)]
 18122 | Lair:1   | Reached XP level 12. HP: 53/103 MP: 8/16
 18323 | Lair:1   | Noticed a four-headed hydra
 18336 | Lair:1   | HP: 50/103 [four-headed hydra (10)]
 18337 | Lair:1   | Killed a four-headed hydra
 18566 | Lair:1   | Noticed Gastronok
 18681 | Lair:1   | HP: 42/103 [yak (12)]
 19126 | Lair:2   | Noticed a seven-headed hydra
 19153 | Lair:2   | HP: 44/103 [hippogriff (9)]
 19166 | Lair:2   | HP: 31/103 [blink frog (15)]
 19267 | Lair:2   | HP: 44/103 [rime drake/flash freeze (12)]
 19314 | Lair:2   | Found a staircase to the Shoals.
 19326 | Lair:2   | HP: 47/103 [blink frog (13)]
 19331 | Lair:2   | Noticed a five-headed hydra
 19333 | Lair:2   | HP: 34/103 [spiny frog (6)]
 19435 | Lair:2   | Found a labyrinth entrance.
 19467 | Lab      | Entered a labyrinth
 19763 | Lab      | Reached **** piety under Hepliaklqana
 19915 | Lab      | HP: 44/103 [troll skeleton (12)]
 20273 | Lab      | Noticed a minotaur
 20290 | Lab      | Got a faintly glowing wooden ring
 20292 | Lab      | HP: 33/103 [minotaur (20)]
 20318 | Lair:2   | HP: 12/103 [minotaur (15)]
 20322 | Lair:2   | Killed a minotaur
 20338 | Lair:3   | HP: 9/104 [blink frog (8)]
 20341 | Lair:3   | Identified the ring of Naffuis {Ice +Fly MR- Str+3 SInv} (You found it in a labyrinth)
 20717 | Lair:3   | HP: 44/104 [blink frog (13)]
 20725 | Lair:3   | HP: 45/104 [spiny frog (1)]
 20730 | Lair:3   | HP: 38/104 [poisoned by a spiny frog]
 20733 | Lair:3   | HP: 18/104 [poisoned by a spiny frog]
 20738 | Lair:3   | HP: 16/104 [poisoned by a spiny frog]
 20743 | Lair:3   | HP: 14/104 [poisoned by a spiny frog]
 20744 | Lair:3   | HP: 6/104 [spiny frog (8)]
 20751 | Lair:3   | HP: 5/104 [poisoned by a spiny frog]
 20759 | Lair:3   | HP: 5/104 [poisoned by a spiny frog]
 21215 | Lair:3   | Reached skill level 14 in Fighting
 21239 | Lair:3   | Found a staircase to the Snake Pit.
 21255 | Lair:3   | Noticed a six-headed hydra
 21475 | Lair:2   | HP: 47/105 [seven-headed hydra (9)]
 21475 | Lair:2   | HP: 22/105 [seven-headed hydra (7)]
 21969 | Lair:1   | HP: 48/105 [seven-headed hydra (7)]
 22017 | Lair:1   | HP: 37/105 [seven-headed hydra (3)]
 22076 | Lair:1   | HP: 32/105 [seven-headed hydra (6)]
 22103 | Lair:1   | HP: 32/105 [seven-headed hydra (3)]
 22431 | Lair:1   | HP: 50/105 [seven-headed hydra (15)]
 22432 | Lair:1   | Killed a seven-headed hydra
 22750 | Lair:2   | You fall through a shaft!
 22789 | Lair:3   | Noticed Prince Ribbit
 22804 | Lair:3   | Killed Prince Ribbit
 22924 | Lair:2   | Noticed a four-headed hydra
 22929 | Lair:2   | Killed a five-headed hydra
 22929 | Lair:2   | Reached XP level 13. HP: 99/112 MP: 14/18
 22992 | Lair:2   | HP: 55/112 [four-headed hydra (5)]
 23032 | Lair:2   | HP: 55/112 [four-headed hydra (3)]
 23953 | Shoals:1 | Entered Level 1 of the Shoals
 24645 | Lair:4   | Reached ***** piety under Hepliaklqana
 24651 | Lair:4   | Got a slimy leather armour
 24662 | Lair:4   | Identified the +1 leather armour of Space {rElec} (You found it on level 4 of the Lair of Beasts)
 24938 | Lair:4   | Reached skill level 10 in Long Blades
 24956 | Lair:4   | HP: 45/112 [dream sheep (19)]
 24965 | Lair:4   | HP: 17/112 [dream sheep (23)]
 24970 | Lair:6   | Entered Level 6 of the Lair of Beasts
 24971 | Lair:6   | HP: 11/112 [blink frog (7)]
 26013 | Lair:5   | Reached skill level 15 in Fighting
 26702 | Lair:4   | Reached skill level 5 in Stealth
 26721 | Lair:4   | HP: 54/114 [elephant (7)]
 28067 | Lair:6   | HP: 53/114 [polar bear (15)]
 28081 | Lair:6   | HP: 42/114 [lindwurm/blast of flame (14)]
 28086 | Lair:6   | HP: 37/114 [lindwurm/blast of flame (7)]
 28104 | Lair:6   | HP: 33/114 [lindwurm/blast of flame (9)]
 28118 | Lair:6   | HP: 30/114 [lindwurm/blast of flame (7)]
 28150 | Lair:6   | HP: 38/114 [polar bear (1)]
 28156 | Lair:6   | HP: 37/114 [polar bear (2)]
 28560 | Lair:6   | Noticed Snorg
 28705 | Lair:5   | HP: 48/115 [Snorg (14)]
 28711 | Lair:5   | HP: 47/115 [Snorg (2)]
 28723 | Lair:5   | HP: 40/115 [Snorg (1)]
 29027 | Lair:5   | Killed Snorg
 29027 | Lair:5   | Reached XP level 14. HP: 75/122 MP: 14/20
 29324 | Lair:5   | HP: 58/122 [death yak (6)]
 29665 | Lair:6   | HP: 45/122 [death yak (20)]
 29670 | Lair:6   | HP: 36/122 [death yak (1)]
 29690 | Lair:6   | Reached skill level 15 in Dodging
 29691 | Lair:6   | HP: 42/122 [death yak (1)]
 29719 | Lair:6   | HP: 44/122 [death yak (6)]
 29725 | Lair:6   | Reached skill level 16 in Fighting
 29850 | Lair:6   | Noticed Kirke
 30455 | Lair:6   | HP: 60/123 [death yak (12)]
 30460 | Lair:5   | HP: 27/123 [death yak (13)]
 30476 | Lair:5   | HP: 14/123 [death yak (13)]
 30908 | Lair:6   | HP: 49/123 [death yak (15)]
 31183 | Lair:6   | HP: 58/123 [death yak (7)]
 31481 | Lair:6   | HP: 54/123 [eight-headed hydra (11)]
 31481 | Lair:6   | HP: 24/123 [eight-headed hydra (4)]
 31486 | Lair:5   | HP: 7/123 [eight-headed hydra (6)]
 31486 | Lair:5   | Slain by an eight-headed hydra

Skill      XL: |  1  2  3  4  5  6  7  8  9 10 11 12 13 14 |
---------------+-------------------------------------------+-----
Fighting       | 3 4 5 7 9 10 11 13 14 15 16 | 16.3
Dodging        | 4 5 7 8 9 11 12 13 14 15 | 15.2
Invocations    | 2 3 4 6 7 8 9 |  9.7
Armour         | 1 2 4 5 7 8 |  8.2
Long Blades    | 4 5 7 8 9 10 | 10.0
Stealth        | 1 3 5 6 |  6.1
Throwing       | |  2.0

Action                   |  1- 3 |  4- 6 |  7- 9 | 10-12 | 13-15 || total
-------------------------+-------+-------+-------+-------+-------++-------
Melee: Headbutt          |     7 |     8 |    19 |    75 |    64 ||   173
Invok: Recall Ancestor   |       |     1 |     8 |     4 |     1 ||    14
       Ancestor Life: Ba |       |       |     1 |       |       ||     1
       Transference      |       |       |       |     1 |     1 ||     2
Evoke: Wand              |       |       |     1 |       |       ||     1
  Use: Scroll            |     5 |     8 |     4 |     7 |     5 ||    29
       Potion            |       |       |     3 |       |     1 ||     4
  Eat: Chunk             |     5 |     8 |    13 |    14 |    16 ||    56
       Ration            |       |     1 |     1 |     6 |     3 ||    11
Armor: Ring mail         |    71 |    90 |    84 |   222 |       ||   467
       Leather armour    |     4 |       |       |       |   137 ||   141
       Robe              |       |       |       |    78 |     8 ||    86
Dodge: Dodged            |   120 |   209 |   273 |  1213 |   937 ||  2752
       Rpst.: Long sword |    24 |    72 |    79 |       |       ||   175
       Scimitar          |       |       |     2 |   243 |       ||   245
       Great sword       |       |       |       |    13 |   197 ||   210

Vault maps used:
D:1:      evilmike_arrival_rings
D:3:      nemelex_xobeh_ov_fountains_minmay, cheibriados_altar_1,
          gammafunk_temple_overflow_statue, chequers_ecumenical_altar_grove,
          st_stairs_2, uniq_jessica, uniq_sigmund
D:4:      led_sif_book, yredelemnul_forgotten_temple_becter
D:5:      tso_metal_star, kennysheep_mini, minitemple,
          minmay_temple_entry_large_hall, first_ration, uniq_blork_the_orc
D:7:      serial_shops, nicolae_shop_stone, nicolae_shop_behind_doors,
          kennysheep_mini_moat, shop, shop_fountains
D:8:      erik_lair_dragon, serial_shops,
          nicolae_shop_temple_entry_statues_fountains, shop,
          nicolae_shop_competitors_out_of_business, shop, uniq_erica
D:9:      kb_forest_paths, serial_shops, shop
D:10:     hangedman_pestilent_swarm, grunt_decor_fettered
D:11:     special_room, serial_shops, nicolae_shop_crystal
Temple:   nicolae_temple_no_exploring_needed
Lair:1:   portal_ice_cave_entry_imps, grunt_megastairs_3, uniq_fannar,
          uniq_gastronok
Lair:2:   shoals_dummy_entry, lab_entry_generic, serial_forest,
          infiniplex_forest_lined_3_way, infiniplex_forest_clump_medium,
          infiniplex_forest_straight_2, infiniplex_forest_straight_5,
          infiniplex_forest_end_3, infiniplex_forest_clump_small,
          lemuel_fruit_fields
Lair:3:   minmay_snake_entry_spellcaster, minivault_25, lemuel_old_faithful,
          lemuel_fruit_fields, uniq_prince_ribbit2
Lair:6:   evilmike_catoblepas_cave, slime_altar_1, uniq_kirke, uniq_snorg
Shoals:1: serial_shops, shop
Lab:      labyrinth_skeletal_remains, nicolae_lab_arrow, nicolae_lab_statue
IceCv:    ice_cave_small_giant
